 Dungeon Sprint DCSS version 0.28.0-43-g3370ac3207 (webtiles) character file.

Game seed: 7044558271730847308

18848 boopmooplesden the Bludgeoner (level 12, -1/132 HPs)
             Began as a Minotaur Berserker on Mar 20, 2022.
             Was the Champion of Trog.
             Succumbed to poison (dark miasma)
             ... in the Dungeon (Sprint II: "The Violet Keep of Menkaure").
             The game lasted 00:10:30 (3610 turns).

boopmooplesden the Bludgeoner (Minotaur Berserker)  Turns: 3610, Time: 00:10:31

Health: -1/132     AC: 30    Str: 33    XL:     12   Next: 31%
Magic:  11/11      EV: 30    Int:  6    God:    Trog [******]
Gold:   1002       SH:  0    Dex: 18    Spells: 11/11 levels left

rFire   + . .      SeeInvis .   k - +8 great mace "Ecues" {vorpal, rElec}
rCold   . . .      Faith    .   (shield currently unavailable)
rNeg    . . .      Spirit   .   v - +6 plate armour of Context {Rampage}
rPois   +          Reflect  .   (helmet restricted)
rElec   +          Harm     .   C - +1 cloak
rCorr   +          Rampage  +   (no gloves)
Will    .....      NoTele   +   j - +0 pair of boots
Stlth   ..........              z - amulet of Lilacs {Acrobat Str+5}
HPRegen 0.32/turn               r - +4 ring of protection
MPRegen 0.12/turn               A - ring "Lorr" {Fly rPois rC- Str+3 Dex+8}

@: lethally poisoned (-1 -> -37), resistant, acrobatic, flying, slowed, very
slow
A: horns 2, retaliatory headbutt
a: Renounce Religion, Berserk, Trog's Hand, Brothers in Arms


You were in the Dungeon.
You worshipped Trog.
Trog was exalted by your worship.
You visited 1 branch You collected 2615 gold pieces.
You spent 1613 gold pieces at shops.

Inventory:

Hand Weapons
 a - a +1 hand axe
 k - the +8 great mace "Ecues" (weapon) {vorpal, rElec}
   (Trog gifted it to you in the Dungeon)

   It inflicts extra damage upon your enemies.
   rElec:     It insulates you from electricity.
 y - a +2 battleaxe
 D - the +8 demon blade "Leech" {vamp, Harm Drain rN+}
   (You found it in the Dungeon)

   It heals its wielder for a portion of the damage dealt every time it strikes
   a living foe.
   rN:        It protects you from negative energy.
   Drain:     It drains your maximum health when unequipped.
   Harm:      It increases damage dealt and taken.
Armour
 b - a +0 animal skin
 i - the +4 ring mail of the Circus Animal {Str+4}
   (You bought it in a shop in the Dungeon)

   Str:       It affects your strength (+4).
 j - a +0 pair of boots (worn)
 v - the +6 plate armour of Context (worn) {Rampage}
   (You found it in the Dungeon)

   Rampage:   It bestows one free step when moving towards enemies.
 C - a +1 cloak (worn)
Jewellery
 o - a ring of resist corrosion
 p - a ring of ice
 r - a +4 ring of protection (left hand)
 t - an amulet of regeneration
 u - a ring of protection from fire
 x - an amulet of regeneration
 z - the amulet of Lilacs (around neck) {Acrobat Str+5}
   (You bought it in a shop in the Dungeon)

   [amulet of the acrobat]

   It increases your evasion while moving and waiting.
   Str:       It affects your strength (+5).
 A - the ring "Lorr" (right hand) {Fly rPois rC- Str+3 Dex+8}
   (You found it in the Dungeon)

   [ring of flight]

   Str:       It affects your strength (+3).
   Dex:       It affects your dexterity (+8).
   rC:        It makes you vulnerable to cold.
   rPois:     It protects you from poison.
   Fly:       It grants you flight.
 B - the amulet of the Air {Inacc Air Fly rElec RMsl}
   (You bought it in a shop in the Dungeon)

   [amulet of nothing]

   It reduces the accuracy of all your attacks.
   It enhances your air magic.
   rElec:     It insulates you from electricity.
   Fly:       It grants you flight.
   RMsl:      It protects you from missiles.
Scrolls
 h - 2 scrolls of blinking
 n - 4 scrolls of acquirement {unknown}
Potions
 c - a potion of curing
 d - 3 potions of heal wounds
 e - 2 potions of haste
 f - 23 potions of magic
 g - 3 potions of berserk rage
 l - a potion of lignification
 m - 8 potions of flight
 q - 2 potions of resistance
 s - 2 potions of cancellation
 w - a potion of attraction


   Skills:
 + Level 19.7 Fighting
 + Level 17.7(21.3) Axes
 + Level 19.9(22.4) Maces & Flails
 + Level 13.0 Armour
 + Level 13.0 Dodging
 + Level 4.0 Stealth
 + Level 1.1 Unarmed Combat


You had 11 spell levels left.
You didn't know any spells.
Your spell library was empty.

Dungeon Overview and Level Annotations

Branches:
Dungeon (1/1)

Altars:
Cheibriados
Dithmenos
Elyvilon
Fedhas
Gozag
Hepliaklqana
Kikubaaqudgha
Makhleb
Nemelex Xobeh
Okawaru
Qazlal
Ru
Sif Muna
Trog
Uskayaw
Vehumet
Wu Jian
Xom
Yredelemnul
Zin
The Shining One
Beogh
Jiyva
Lugonu

Shops:
D (=:[:[!!=::[[=(?[[=(!*[==:?(:(:

Annotations:
D exclusions: obsidian statue, oklob plant and orange crystal statue


Innate Abilities, Weirdness & Mutations

You have a pair of horns on your head.
You reflexively headbutt those who attack you in melee.


Message History

Really fly into a travel-excluded area?
You see here a +6 quarterstaff.
You see here a book of Minor Magic.
There is an open door here.
You are engulfed in dark miasma.
You are engulfed in dark miasma.
You feel yourself slow down.
Really fly into that cloud of foul pestilence?
Okay, then.
You are engulfed in dark miasma.
You feel as though you will be slow longer.
You are engulfed in dark miasma.
You feel as though you will be slow longer.
You recover from your berserk rage.
You are engulfed in dark miasma.
You feel as though you will be slow longer.
You are engulfed in dark miasma.
You are engulfed in dark miasma.
You are poisoned.
You feel as though you will be slow longer.
You feel extremely sick.
You are engulfed in dark miasma.
You feel very sick.
You are engulfed in dark miasma.
You are more poisoned.
You feel as though you will be slow longer.
You feel extremely sick.
You feel better.
You are engulfed in dark miasma.
You are poisoned.
You feel as though you will be slow longer.
* * * LOW HITPOINT WARNING * * *
You feel extremely sick.
Really fly into that cloud of foul pestilence?
Okay, then.
You are engulfed in dark miasma.
* * * LOW HITPOINT WARNING * * *
You feel very sick.
You are engulfed in dark miasma.
You are lethally poisoned!
* * * LOW HITPOINT WARNING * * *
You die...

._._..#≈§§≈§§§[.+,,*≈*
_._...#≈§§≈§§#..#,,*≈*
._....#§≈≈§§≈▓..#,,*≈*
_.....#≈≈≈≈▓▓▓▓▓▓***≈*
#######§§≈§▓z..≈≈≈≈≈≈*
≈≈≈≈≈≈≈§§§§▓z..≈≈≈≈≈≈*
#######§▓▓▓▓▓▓▓▓▓≈≈≈≈*
..|.=.#▓▓.○°°°°.▓▓≈≈≈*
|.....#▓...°○○°○@▓▓≈≈*
)..)):'..○○○○°○○°○+≈≈*
.):}..##.○○○°○°○°##***
..|[:}###○..☼.°○##
"[.:}.# #########
#######


There were no monsters in sight!

Vanquished Creatures
  A kraken (D)
  Gastronok (D)
  Kirke (D)
  Nessos (D)
  A dire elephant (D)
  A yaktaur captain (D)
  A fire dragon (D)
  2 boulder beetles (D)
  An ice dragon (D)
  A centaur warrior (D)
  3 sixfirhies (D)
  A skeletal warrior (D)
  2 deep trolls (D)
  3 orc sorcerers (D)
  An elephant (D)
  A kobold demonologist (D)
  2 unseen horrors (D)
  A yaktaur (D)
  3 polar bears (D)
  A hornet (D)
  A blink frog (D)
  12 flying skulls (D)
  5 wyverns (D)
  Menkaure (D)
  4 water moccasins (D)
  5 necrophages (D)
  9 electric eels (D)
  An iron imp (D)
  A jelly (D)
  3 worms (D)
  2 spectral quokkas (D)
  6 tentacles (D)
79 creatures vanquished.

Vanquished Creatures (others)
  16 tentacles (D)
16 creatures vanquished.

Grand Total: 95 creatures vanquished

Notes
Turn   | Place    | Note
-------+----------+-------------------------------------------
     0 | D        | boopmooplesden the Minotaur Berserker began the quest for
                  | the Orb.
     0 | D        | Reached XP level 1. HP: 19/19 MP: 0/0
    33 | D        | Noticed an orange crystal statue
    41 | D        | Reached ** piety under Trog
    42 | D        | Reached XP level 2. HP: 17/28 MP: 1/1
   261 | D        | Noticed a wyvern
   261 | D        | Noticed a wyvern
   268 | D        | Killed a wyvern
   269 | D        | Reached XP level 3. HP: 41/41 MP: 2/2
   269 | D        | Reached XP level 4. HP: 49/49 MP: 3/3
   269 | D        | Reached XP level 5. HP: 56/56 MP: 4/4
   273 | D        | Killed a wyvern
   274 | D        | Reached skill level 10 in Fighting
   274 | D        | Reached skill level 10 in Axes
   274 | D        | Reached skill level 5 in Armour
   274 | D        | Reached XP level 6. HP: 66/66 MP: 5/5
   327 | D        | Reached skill level 5 in Dodging
   330 | D        | Reached *** piety under Trog
   334 | D        | Reached XP level 7. HP: 66/74 MP: 6/6
   337 | D        | Reached skill level 1 in Stealth
   463 | D        | Noticed a boulder beetle
   463 | D        | Noticed a boulder beetle
   482 | D        | Found Wosmusmerph's General Store.
   482 | D        | Found Cumien's Book Emporium.
   482 | D        | Found Hezasch Taip's Antique Armour Shoppe.
   482 | D        | Found Xaiclued's Magic Scroll Emporium.
   482 | D        | Found Cum Coci's Distillery.
   482 | D        | Found Ricseset's Book Emporium.
   482 | D        | Found Eziyrel's Jewellery Shoppe.
   482 | D        | Found Muimn's Antique Weapon Shoppe.
   483 | D        | Found Mulunot's Jewellery Shoppe.
   483 | D        | Found Voolur's Antique Armour Emporium.
   483 | D        | Noticed Menkaure
   483 | D        | Noticed a yak
   483 | D        | Noticed a yak
   500 | D        | Killed Menkaure
   500 | D        | Reached **** piety under Trog
   643 | D        | Noticed an iron elemental
   647 | D        | Noticed a blink frog
   653 | D        | Killed a blink frog
   661 | D        | Found Ishrorgh's Jewellery Emporium.
   661 | D        | Found Eze Punau's Distillery.
   661 | D        | Noticed an oklob plant
   661 | D        | Noticed a yak
   662 | D        | Found Misu's Armour Shoppe.
   662 | D        | Found Jumyrghi's Book Emporium.
   662 | D        | Found Umouq's Book Shoppe.
   673 | D        | Bought a bloodstained ring mail for 252 gold pieces
   673 | D        | Identified the +4 ring mail of the Circus Animal {Str+4}
                  | (You bought it in a shop in the Dungeon)
   685 | D        | Bought a +0 pair of boots for 58 gold pieces
   846 | D        | Reached XP level 8. HP: 76/86 MP: 7/7
   847 | D        | Noticed an obsidian statue
   856 | D        | Found a glowing silver altar of Zin.
   857 | D        | Found a glowing golden altar of the Shining One.
   857 | D        | Found a basalt altar of Yredelemnul.
   857 | D        | Found a hide-covered altar of Uskayaw.
   858 | D        | Found a shimmering altar of Xom.
   858 | D        | Found a bloodstained altar of Trog.
   859 | D        | Found an ornate altar of the Wu Jian Council.
   859 | D        | Found a shimmering blue altar of Sif Muna.
   859 | D        | Found a corrupted altar of Lugonu.
   859 | D        | Found a radiant altar of Vehumet.
   859 | D        | Found a burning altar of Makhleb.
   860 | D        | Found a sacrificial altar of Ru.
   860 | D        | Found an ancient bone altar of Kikubaaqudgha.
   860 | D        | Found a white marble altar of Elyvilon.
   861 | D        | Found a stormy altar of Qazlal.
   861 | D        | Found a viscous altar of Jiyva.
   861 | D        | Found a shadowy altar of Dithmenos.
   862 | D        | Found a hazy altar of Hepliaklqana.
   862 | D        | Found a snail-covered altar of Cheibriados.
   863 | D        | Noticed a polar bear
   864 | D        | Noticed a yaktaur
   864 | D        | Noticed a hornet
   865 | D        | Noticed a polar bear
   866 | D        | Noticed a polar bear
   870 | D        | Killed a polar bear
   877 | D        | Killed a hornet
   878 | D        | Reached skill level 15 in Axes
   879 | D        | Killed a yaktaur
   882 | D        | Killed a polar bear
   882 | D        | Reached ***** piety under Trog
   888 | D        | Killed a polar bear
   889 | D        | Reached XP level 9. HP: 21/96 MP: 8/8
  1101 | D        | Noticed a kraken
  1110 | D        | Identified the +8 great mace "Ecues" {vorpal, rElec} (Trog
                  | gifted it to you in the Dungeon)
  1110 | D        | Received a gift from Trog
  1129 | D        | Reached skill level 15 in Fighting
  1277 | D        | Found a blossoming altar of Fedhas.
  1278 | D        | Found an opulent altar of Gozag.
  1403 | D        | Found a sparkling altar of Nemelex Xobeh.
  1404 | D        | Found an iron altar of Okawaru.
  1423 | D        | Noticed a deep troll
  1429 | D        | Killed a deep troll
  1429 | D        | Noticed a deep troll
  1430 | D        | Reached skill level 1 in Maces & Flails
  1433 | D        | Killed a deep troll
  1607 | D        | Found the ring of the Octopus King
  1863 | D        | Killed a kraken
  1864 | D        | Reached skill level 10 in Dodging
  1864 | D        | Reached XP level 10. HP: 108/108 MP: 9/9
  1916 | D        | Killed a boulder beetle
  1923 | D        | Killed a boulder beetle
  1923 | D        | Received a gift from Trog
  1924 | D        | Reached skill level 10 in Maces & Flails
  1950 | D        | Bought the amulet of Lilacs {Acrobat Str+5} for 665 gold
                  | pieces
  1986 | D        | Noticed Kirke
  1986 | D        | Noticed a skeletal warrior
  2003 | D        | Killed Kirke
  2004 | D        | Reached skill level 10 in Armour
  2008 | D        | Killed a skeletal warrior
  2046 | D        | Noticed a yaktaur captain
  2051 | D        | Killed a yaktaur captain
  2052 | D        | Reached XP level 11. HP: 54/117 MP: 10/10
  2053 | D        | Noticed a centaur warrior
  2063 | D        | Killed a centaur warrior
  2073 | D        | Reached skill level 1 in Unarmed Combat
  2117 | D        | Reached skill level 15 in Maces & Flails
  2291 | D        | Reached ****** piety under Trog
  2291 | D        | Received a gift from Trog
  2338 | D        | Noticed an ice dragon
  2339 | D        | Noticed a fire dragon
  2344 | D        | Killed a fire dragon
  2350 | D        | Killed an ice dragon
  2414 | D        | Found Sanuimuz's Antique Weapon Emporium.
  2414 | D        | Found Nyn Huomp's Antique Armour Shop.
  2414 | D        | Found Utacve's Jewellery Shop.
  2414 | D        | Found Uwipn's Distillery.
  2414 | D        | Found Ymeotiu's Antique Armour Boutique.
  2415 | D        | Found Siokaref's Book Shoppe.
  2415 | D        | Found Palel's Magic Scroll Boutique.
  2415 | D        | Found Saucug's Jewellery Emporium.
  2415 | D        | Found Liobywu's Antique Armour Shop.
  2415 | D        | Found Vaidakhlu's Antique Armour Emporium.
  2415 | D        | Found Omyowyvi's Weapon Shop.
  2415 | D        | Found Bupoant's Jewellery Shoppe.
  2421 | D        | Bought the amulet of the Air {Inacc Air Fly rElec RMsl} for
                  | 413 gold pieces
  2421 | D        | Found the amulet of the Air {Inacc Air Fly rElec RMsl}
  2426 | D        | Bought an embroidered cloak for 225 gold pieces
  2545 | D        | Noticed a sixfirhy
  2550 | D        | Received a gift from Trog
  2565 | D        | Noticed a sixfirhy
  2568 | D        | Noticed a sixfirhy
  2575 | D        | Found Kauziham's Book Shoppe.
  2576 | D        | Found Solot's Weapon Boutique.
  2750 | D        | Found Xoufusy's Weapon Boutique.
  2751 | D        | Found Cofam's Book Shoppe.
  2753 | D        | Noticed Nessos
  2768 | D        | Killed Nessos
  2768 | D        | Received a gift from Trog
  3085 | D        | Identified the amulet "Fasit" {Acrobat Dex+6 Slay+2}
  3119 | D        | Killed a sixfirhy
  3126 | D        | Killed a sixfirhy
  3130 | D        | Killed a sixfirhy
  3259 | D        | Noticed Gastronok
  3267 | D        | Killed Gastronok
  3267 | D        | Received a gift from Trog
  3434 | D        | Noticed a dire elephant
  3434 | D        | Noticed an orc sorcerer
  3434 | D        | Noticed an orc sorcerer
  3434 | D        | Noticed an orc sorcerer
  3437 | D        | Killed an orc sorcerer
  3438 | D        | Reached XP level 12. HP: 130/130 MP: 11/11
  3442 | D        | Killed a dire elephant
  3448 | D        | Received a gift from Trog
  3450 | D        | Found the +8 demon blade "Leech" {vamp, Harm Drain rN+}
  3480 | D        | Identified the +6 plate armour of Context {Rampage}
  3492 | D        | Identified the +5 lajatang "Idantug" {drain, Will+ SInv}
  3504 | D        | Identified the ring "Lorr" {Fly rPois rC- Str+3 Dex+8}
  3547 | D        | Received a gift from Trog
  3582 | D        | Received a gift from Trog
  3610 | D        | Succumbed to poison (dark miasma)

Illustrated notes

Levels and vault maps discovered:
D:        the_violet_keep_of_menkaure [sprint2_stairs_cluster_1,
          sprint2_shoproom, sprint2_temple, sprint2_basic_supplies,
          sprint2_obstacle_3, sprint2_obstacle_7, sprint2_obstacle_4,
          sprint2_obstacle_2, sprint2_obstacle_1, sprint2_timed_cluster_1,
          sprint2_smallroom_cluster_1, sprint2_smallroom_final_cluster_1,
          sprint2_transparent_cluster_1, sprint2_second_timed_cluster_1,
          sprint2_sniper_area_1, sprint2_heavy_combat_area_1,
          sprint2_mutation_trap_area_1, sprint2_forest_area_1,
          sprint2_light_combat_area_1, sprint2_behind_water_1,
          sprint2_near_end_vault_1]

Skill      XL: |  1  2  3  4  5  6  7  8  9 10 11 12 |
---------------+-------------------------------------+-----
Fighting       | 4 8 10 11 13 14 16 17 19 | 19.7
Axes           | 4 9 10 12 14 16 17 | 17.7
Armour         | 4 5 6 7 9 10 12 13 | 13.0
Dodging        | 4 5 6 8 10 12 13 | 13.0
Stealth        | 1 2 3 4 |  4.0
Maces & Flails | 7 13 18 19 | 19.9
Unarmed Combat | 1 |  1.1

Action                   |  1- 3 |  4- 6 |  7- 9 | 10-12 || total
-------------------------+-------+-------+-------+-------++-------
Melee: Hand axe          |    15 |    14 |    66 |       ||    95
       Headbutt          |     1 |       |    16 |    16 ||    33
       Punch             |       |     1 |     1 |       ||     2
       Great mace        |       |       |    31 |   123 ||   154
       Unarmed           |       |       |       |     1 ||     1
Invok: Berserk           |     2 |     1 |     3 |     5 ||    11
  Use: Scroll            |       |       |       |    10 ||    10
       Potion            |       |       |       |     3 ||     3
Armor: Ring mail         |       |       |    45 |    44 ||    89
       Plate armour      |       |       |       |     9 ||     9
Dodge: Dodged            |     8 |     5 |    64 |    84 ||   161
       Repelled          |       |       |       |     5 ||     5
